 Dungeon Crawl Stone Soup version 0.31.0-10-gcf4a605ca0 (webtiles) character file.

Game seed: 12093416602060937114

66 Aldia the Firebug (level 3, -1/28 HPs)
             Began as a Draconian Fire Elementalist on Jan 25, 2024.
             Slain by a goblin
             ... wielding a +0 club
             ... led by Robin
              (3 damage)
             ... on level 3 of the Dungeon.
             The game lasted 00:05:02 (2009 turns).

Aldia the Firebug (Draconian Fire Elementalist)     Turns: 2009, Time: 00:05:02

Health: -1/28      AC:  8    Str: 10    XL:     3   Next: 96%
Magic:  0/6        EV: 12    Int: 17    God:
Gold:   100        SH:  0    Dex: 11    Spells: 4/7 levels left

rFire   . . .        q - +0 spear
rCold   . . .        (no shield)
rNeg    . . .        (body armour unavailable)
rPois   .            (helmet restricted)
rElec   .            (no cloak)
rCorr   .            d - +2 pair of gloves
SInv    .            (no boots)
Will    .....        (no amulet)
Stlth   ++           (no ring)
HPRegen 0.24/turn    (no ring)
MPRegen 0.10/turn

%: no passive effects
@: very slightly contaminated
A: AC +5, unfitting armour, cold-blooded
a: no special abilities


You were on level 3 of the Dungeon.
You visited 1 branch of the dungeon, and saw 4 of its levels.

You collected 100 gold pieces.

Inventory:

Hand Weapons
 j - a +0 dagger
 q - a +0 spear (weapon)
Armour
 d - a +2 pair of gloves (worn)
 m - a scarf of harm
Jewellery
 s - a +4 ring of protection
Talismans
 p - a flux talisman
Scrolls
 b - a scroll of enchant weapon {unknown}
 e - 2 scrolls of identify {unknown}
 f - a scroll of immolation {unknown}
 g - a scroll of enchant armour {unknown}
 i - 2 scrolls of teleportation
 k - a scroll of amnesia {unknown}
 l - a scroll of fear {unknown}
Potions
 c - a potion of might {unknown}
 h - a potion of haste {unknown}
 o - a potion of heal wounds {unknown}
 r - a potion of mutation {unknown}
 t - a potion of brilliance {unknown}


   Skills:
 + Level 1.4 Fighting
 - Level 2.0 Dodging
 - Level 1.7 Stealth
 + Level 2.5 Spellcasting
 + Level 1.8 Conjurations
 * Level 3.7 Fire Magic


You had 4 spell levels left.
You knew the following spells:

 Your Spells              Type           Power      Damage    Failure   Level
a - Foxfire               Conj/Fire      44%        2x1d6     6%          1
b - Scorch                Fire           28%        2d6       6%          2

Your spell library contained the following spells:

 Spells                   Type           Power      Damage    Failure   Level
 Apportation              Tloc           4%         N/A       19%         1
 Inner Flame              Hex/Fire       8%         N/A       26%         3
 Volatile Blastmotes      Fire/Tloc      16%        2d11      26%         3
 Jinxbite                 Hex            4%         N/A       28%         2
 Dazzling Flash           Conj/Hex       10%        N/A       36%         3
 Flame Wave               Conj/Fire      11%        2d6       50%         4
 Fulminant Prism          Conj/Alch      2%         3d5       77%         4
 Iskenderun's Mystic Bla  Conj/Tloc      5%         2d3       77%         4
 Alistair's Intoxication  Alch           1%         N/A       99%         5
 Starburst                Conj/Fire      5%         6d4       100%        6
 Maxwell's Capacitive Co  Air            1%         ∞         100%        8


Dungeon Overview and Level Annotations

Branches:
Dungeon (4/15)
 Temple: D:4-7

Altars:

Annotations:
D:3 Robin


Innate Abilities, Weirdness & Mutations

Your plain brown scales are hard. (AC +5)
You cannot fit into any form of body armour.
You are cold-blooded and may be slowed by cold attacks.


Message History

The goblin misses you. The goblin barely misses you.
You barely miss the goblin. The goblin barely misses you.
The goblin hits you with a +0 club.
* * * LOW HITPOINT WARNING * * *
An orc comes into view. It is wielding a +3 whip.
Casting: Scorch (safe; 6% risk of failure)
Confirm with . or Enter, or press ? or * to list all spells.
Flames lash the goblin.
You kill the goblin!
You hear a shout!
The goblin hits you but does no damage. The goblin hits you with a +0 club.
* * * LOW HITPOINT WARNING * * *
Unknown command.
Unknown command.
Okay, then.
Magic courses through your body. The goblin closely misses you.
The goblin hits you but does no damage.
An orc comes into view. It is wielding a +0 mace.
Casting: Scorch (safe; 6% risk of failure)
Confirm with . or Enter, or press ? or * to list all spells.
Flames lash Robin.
Robin is severely wounded.
Robin's fire resistance burns away.
The goblin completely misses you. The goblin closely misses you.
Unknown command.
Unknown command.
Casting: Scorch (safe; 6% risk of failure)
Confirm with . or Enter, or press ? or * to list all spells.
You miscast Scorch.
You are very lightly contaminated with residual magic.
Nothing appears to happen.
The goblin hits you but does no damage. x2
Unknown command.
Unknown command.
Casting: Scorch (safe; 6% risk of failure)
Confirm with . or Enter, or press ? or * to list all spells.
Flames lash the orc.
The orc is heavily wounded.
The orc's fire resistance burns away.
The goblin hits you but does no damage. The goblin hits you with a +0 club.
You die...

*,,,,,*#.# *,*,,.# *,* *
*,*****#.# *,*...###.*** *,* #.#
*,,.......,,*** *,* #.#
*,,......,*,,,, *,* #.#
*,,......,,,*** *,# ###.#
*##...###,,,,,, #.# ##..>#
##.......,*,***
..###<..###########o...#*,*,,,,,,
####.#.#.......g@gog)..#**,,*,***
..........#########o.o##***,*,***
####.#.#.## ##)......$,,,,,
##....# #..######***** ****##.#.#
#))# ,,,,*#.#.#* #..#
***,*#....*********#..# *****
,,,,,,,....,,,,,,,,...# *,,,,
***,***,..****,****..## *,***


You could see Robin (combustible), 4 orcs and 2 goblins.

Vanquished Creatures
  An adder (D:2)
  3 endoplasms
  2 giant cockroaches (D:2)
  10 goblins
  6 hobgoblins
  9 jackals
  5 kobolds (D:2)
  2 quokkas (D:2)
  2 bats (D:2)
  7 rats (D:1)
47 creatures vanquished.

Vanquished Creatures (collateral kills)
  A foxfire (D:2)
1 creature vanquished.

Vanquished Creatures (others)
  31 foxfires
31 creatures vanquished.

Grand Total: 79 creatures vanquished

Notes
Turn   | Place    | Note
-------+----------+-------------------------------------------
     0 | D:1      | Aldia the Draconian Fire Elementalist began the quest for
                  | the Orb.
     0 | D:1      | Reached XP level 1. HP: 14/14 MP: 3/3
   133 | D:1      | Found a faded altar of an unknown god.
   678 | D:1      | Reached XP level 2. HP: 22/22 MP: 0/5
   681 | D:1      | Learned a level 2 spell: Scorch
  1261 | D:2      | Reached skill level 1 in Fighting
  1268 | D:2      | You fall into a shaft and drop 1 floor!
  1393 | D:2      | Reached XP level 3. HP: 28/28 MP: 3/6
  1979 | D:3      | Noticed Robin
  2005 | D:3      | HP: 1/28 [goblin/+0 club[Robin] (5)]
  2009 | D:3      | Slain by a goblin

Illustrated notes

Levels and vault maps discovered:
D:1:      dpeg_arrival_ratfight, layout_basic,
          shapermc_ecumenical_altar_mp_highgroup
D:2:      layout_loops_ring, serial_forest, infiniplex_forest_lined_corner,
          infiniplex_forest_clump_double, infiniplex_forest_clump_medium,
          infiniplex_forest_straight_3, infiniplex_forest_lined_3,
          infiniplex_forest_lined_room_3, infiniplex_forest_corner_2,
          infiniplex_forest_clump_medium
D:3:      layout_loops_ring, worldfamousw_hep_ancestral_shrine, uniq_robin,
          uniq_sigmund
D:4:      layout_basic, zin_academy, old_standard_altar, uniq_blork_the_orc

Skill      XL: |  1  2 |
---------------+-------+-----
Dodging        | 2 |  2.0
Fighting       | 1 |  1.4
Stealth        | |  1.7
Spellcasting   | |  2.5
Conjurations   | |  1.8
Fire Magic     | |  3.7

Action                     || total
---------------------------++-------
  Melee: Dagger            ||    21
         Tailslap          ||     7
         Spear             ||    69
         Punch             ||     1
   Cast: Foxfire           ||    20
         Scorch            ||    16
    Use: Scroll            ||     3
         Potion            ||     1
   Stab: Sleeping          ||     2
 Armour: Skin              ||    79
  Dodge: Dodged            ||   105
